 Dungeon Crawl Stone Soup version 0.26.0-91-g99b343417d (webtiles) character file.

Game seed: 14313844289027810219

77 jlumianski the Skirmisher (level 4, -9/40 HPs)
             Began as a Palentonga Fighter on Feb 3, 2021.
             Killed by divine providence
             ... invoked by an orc priest
              (11 damage)
             ... on level 2 of the Dungeon.
             The game lasted 00:04:13 (1578 turns).

jlumianski the Skirmisher (Palentonga Fighter)      Turns: 1578, Time: 00:04:13

Health: -9/40      AC:  6    Str: 20    XL:     4   Next: 13%
Magic:  4/4        EV:  5    Int:  8    God:
Gold:   33         SH:  9    Dex: 10    Spells: 3/3 levels left

rFire    . . .     SeeInvis +   a - +0 war axe
rCold    . . .     Faith    .   c - +0 kite shield
rNeg     . . .     Spirit   .   b - +0 scale mail
rPois    .         Reflect  .   (no helmet)
rElec    .         Harm     .   (no cloak)
rCorr    .         Rampage  .   (no gloves)
Will     .....                  (no barding)
Stlth    ..........             (no amulet)
HPRegen  0.13/turn              (no ring)
MPRegen  0.09/turn              (no ring)

@: mighty
A: large, rugged brown scales 3, see invisible, deformed body, roll 1, armoured
tail
a: Rolling Charge


You were on level 2 of the Dungeon.
You visited 1 branch of the dungeon, and saw 3 of its levels.

You collected 33 gold pieces.

Inventory:

Hand Weapons
 a - a +0 war axe (weapon)
 i - a +1 spear of venom
 j - a +2 dagger of venom
Missiles
 g - 15 poisoned darts (quivered)
 h - 86 stones
 m - 3 javelins
Armour
 b - a +0 scale mail (worn)
 c - a +0 kite shield (worn)
 o - a +0 hat
Jewellery
 n - an uncursed ring of protection from cold
 q - an uncursed ring of magical power
Scrolls
 f - a scroll of immolation
 p - a scroll of teleportation {unknown}
Potions
 e - a potion of heal wounds {unknown}
 k - a potion of curing {unknown}
 l - a potion of cancellation {unknown}


   Skills:
 + Level 3.3 Fighting
 + Level 2.9 Axes
 + Level 3.1 Armour
 + Level 0.1 Dodging
 + Level 2.8 Shields


You had 3 spell levels left.
You didn't know any spells.
Your spell library was empty.

Dungeon Overview and Level Annotations

Branches:
Dungeon (3/15)

Altars:


Innate Abilities, Weirdness & Mutations

You are completely covered in rugged brown scales. (AC +3, +7% HP)
You have supernaturally acute eyesight. (SInv)
Armour fits poorly on your strangely shaped body.
You can roll at nearby foes to attack.
You have a long armoured tail.


Message History

The orc priest is severely wounded.
The orc priest hits you but does no damage.
You completely miss the orc priest.
The orc priest is severely wounded.
The orc priest hits you with a +0 dagger.
The orc priest hits you but does no damage.
You barely miss the orc priest.
The orc priest is severely wounded.
The orc priest begins to cast a cantrip, but forgets the words!
You closely miss the orc priest.
The orc priest is severely wounded.
The orc priest invokes the aid of Beogh against you.
Pain shoots through your body!
The orc priest invokes the aid of Beogh against you.
Beogh smites you!
* * * LOW HITPOINT WARNING * * *
You feel very mighty all of a sudden.
The orc priest calls down the wrath of Beogh upon you.
Beogh smites you!
You die...

#..........#........#
#.........)+........
#............#......
≈≈≈≈.......#.##.##.#.#
.≈....................#
.≈≈≈≈.......##.#'##.###
...##......^#.<...#..<#
...
#.......#....[#####.#
..
#....####...@)......#
............o.#......
............###......
............≈≈≈......
............##≈≈≈≈≈≈.
...............≈..≈≈≈
#####.......########≈
#.......# #########


You could see an orc priest.

Vanquished Creatures
  An orc wizard (D:2)
  2 adders
  A leopard gecko (D:1)
  3 orcs (D:2)
  A giant cockroach (D:1)
  2 goblins
  3 hobgoblins
  3 jackals (D:1)
  2 bats (D:1)
  2 frilled lizards
  2 kobolds (D:1)
  5 rats
27 creatures vanquished.

Notes
Turn   | Place    | Note
-------+----------+-------------------------------------------
     0 | D:1      | jlumianski the Palentonga Fighter began the quest for the
                  | Orb.
     0 | D:1      | Reached XP level 1. HP: 20/20 MP: 1/1
    79 | D:1      | Reached XP level 2. HP: 25/27 MP: 2/2
   969 | D:2      | Reached XP level 3. HP: 29/33 MP: 3/3
  1368 | D:2      | Reached XP level 4. HP: 19/40 MP: 4/4
  1577 | D:2      | HP: 2/40 [orc priest/divine providence (12)]
  1578 | D:2      | Killed from afar by an orc priest

Illustrated notes

Levels and vault maps discovered:
D:1:      beargit_arrival_greenhouse, layout_loops_corners, minmay_tromino_v4_c
D:2:      layout_basic, grunt_temple_overflow_octagram, serial_rivers,
          chequers_serial_rivers_large_a, chequers_serial_rivers_micro_d,
          chequers_serial_rivers_small_a, chequers_serial_rivers_micro_b,
          chequers_serial_rivers_room_a, chequers_serial_rivers_micro_a,
          nicolae_ru_path_of_blood
D:3:      layout_loops_ring, marbit_many_paths, ebering_ghost_rock_garden

Skill      XL: |  1  2  3 |
---------------+----------+-----
Armour         | 3 |  3.1
Fighting       | |  3.3
Axes           | |  2.9
Dodging        | |  0.1
Shields        | |  2.8

Action                   |  1- 3 |  4- 6 || total
-------------------------+-------+-------++-------
Melee: War axe           |    81 |    12 ||    93
       Tailslap          |     7 |       ||     7
 Abil: Rolling Charge    |     7 |     1 ||     8
  Use: Scroll            |     4 |       ||     4
       Potion            |       |     1 ||     1
Armor: Scale mail        |    50 |     9 ||    59
Dodge: Dodged            |    20 |       ||    20
Block: Kite shield       |    45 |     3 ||    48
